 Dungeon Crawl Stone Soup version 0.23.2-33-g5129a83184 (webtiles) character file.

Game seed: 5103327897418932489

969 FishyPogo the Firebug (level 7, 0/32 HPs)
             Began as a Deep Elf Fire Elementalist on Aug 6, 2019.
             Was a Believer of Hepliaklqana.
             Killed by divine providence
             ... invoked by an orc priest
              (14 damage)
             ... on level 6 of the Dungeon.
             The game lasted 00:36:39 (4286 turns).

FishyPogo the Firebug (Deep Elf Fire Elementalist)  Turns: 4286, Time: 00:36:41

Health: 0/32       AC:  6    Str:  5    XL:     7   Next: 94%
Magic:  0/15       EV: 12    Int: 22    God:    Hepliaklqana [**....]
Gold:   314        SH:  0    Dex: 15    Spells: 6/14 levels left

rFire    . . .     SeeInvis +   a - +0 dagger (pain)
rCold    . . .     Gourm    .   (no shield)
rNeg     . . .     Faith    .   i - +1 leather armour
rPois    .         Spirit   +   (no helmet)
rElec    .         Reflect  .   (no cloak)
rCorr    .         Harm     .   g - +0 pair of gloves
MR       .....                  x - +0 pair of boots
Stlth    ++........             b - amulet of guardian spirit
HPRegen  0.10/turn              z - ring of see invisible
MPRegen  0.14/turn              (no ring)

@: no status effects
A: reduced essence
a: Recall Ancestor, Ancestor Identity, Renounce Religion


You were on level 6 of the Dungeon.
You worshipped Hepliaklqana.
Hepliaklqana was pleased with you.
You were hungry.

You visited 1 branch of the dungeon, and saw 6 of its levels.

You collected 314 gold pieces.

Inventory:

Hand Weapons
 a - a +0 dagger of pain (weapon)
Missiles
 d - 259 stones (quivered)
Armour
 g - a +0 pair of gloves (worn)
 i - a +1 leather armour (worn)
 o - a +0 buckler
 x - a +0 pair of boots (worn)
Jewellery
 b - an amulet of guardian spirit (around neck)
 z - a ring of see invisible (left hand)
Wands
 n - a wand of iceblast (5)
Scrolls
 e - 4 scrolls of teleportation
 h - a scroll of blinking
 m - a scroll of amnesia
 q - a scroll of fear
 s - 6 scrolls of identify
 t - 2 scrolls of remove curse
 w - a scroll of immolation
Potions
 f - a potion of invisibility {unknown}
 j - 4 potions of agility {unknown}
 k - a potion of flight {unknown}
 l - 2 potions of heal wounds {unknown}
 p - a potion of haste {unknown}
 r - 3 potions of curing {unknown}
 u - a potion of lignification {unknown}
 v - a potion of resistance {unknown}
Comestibles
 c - 10 rations


   Skills:
 - Level 1.0 Short Blades
 - Level 2.1 Armour
 - Level 3.0 Dodging
 + Level 4.1 Stealth
 - Level 0.1 Shields
 - Level 4.0 Spellcasting
 * Level 5.9 Conjurations
 * Level 6.7 Fire Magic


You had 6 spell levels left.
You knew the following spells:

 Your Spells              Type           Power        Failure   Level  Hunger
a - Flame Tongue          Conj/Fire      ####.        1%          1    None
b - Throw Flame           Conj/Fire      ####..       1%          2    #......
c - Fireball              Conj/Fire      ####......   36%         5    ######.

Your spell library contained the following spells:

 Spells                   Type           Power        Failure   Level  Hunger
 Conjure Flame            Conj/Fire      ####....     4%          3    ###....
 Sticky Flame             Conj/Fire      ####....     13%         4    ####...
 Inner Flame              Hex/Fire       ###.....     14%         3    ###....


Dungeon Overview and Level Annotations

Branches:
Dungeon (6/15)
 Temple: D:4-7

Altars:
Hepliaklqana
Trog


Message History

Confirm with . or Enter, or press ? or * to list all spells.
Aiming: Flame Tongue (safe; 1% risk of failure)
Press: ? - help, Shift-Dir - straight line, f/p - orc wizard
Aim: an orc wizard, wielding a +0 dagger and wearing a +1 robe of positive energy (severely wounded)
The flame tongue hits the orc wizard!
You kill the orc wizard!
The orc priest shouts!
The orc priest looks satisfied for a moment.
The orc priest invokes the aid of Beogh against you.
Beogh smites you!
Casting: Flame Tongue (safe; 1% risk of failure)
Confirm with . or Enter, or press ? or * to list all spells.
Aiming: Throw Flame (safe; 1% risk of failure)
Press: ? - help, Shift-Dir - straight line, f - orc priest
Aim: an orc priest, wielding a +0 falchion and wearing a cursed +0 scale mail The puff of flame hits the orc priest.
The orc priest is lightly wounded.
The orc priest invokes the aid of Beogh against you.
Beogh smites you!
You die...

########....#
#.#.##.# ###.#.##.#
#........#
##.#.#....#
..........#
..........#
...........#
#.#.#.....@# # o.#.
#.#.#......# ###
.... # #......# #..
.o.. #......# ..#
..# #......# #.#...
#.####)######.#.#
.......[o....oo..#
#.#.####.######.###
#. ..........#


You could see an orc priest.

Vanquished Creatures
  An ogre (D:4)
  A howler monkey (D:5)
  2 orc wizards
  An orc priest (D:3)
  An iguana (D:4)
  Jessica (D:3)
  Ijyb (D:2)
  A worker ant (D:4)
  7 adders
  A shadow imp (D:5)
  2 oozes
  2 dart slugs
  5 leopard geckos
  6 orcs
  12 bats
  3 giant cockroaches
  10 goblins
  7 hobgoblins
  10 jackals
  2 quokkas
  3 ball pythons
  6 frilled lizards
  3 kobolds (D:1)
  2 leopard gecko skeletons
  8 rats
98 creatures vanquished.

Vanquished Creatures (collateral kills)
  Sigmund (D:5)
  A scorpion (D:5)
  2 crimson imps (D:5)
  2 orc priests
  A bullfrog skeleton (D:5)
  An iguana (D:4)
  2 orc wizards
  2 adders
  A worm (D:3)
  A dart slug (D:2)
  4 orcs
  A giant cockroach (D:2)
  2 goblins (D:2)
  3 jackals
  A frilled lizard (D:4)
  2 kobolds (D:3)
  4 rats
31 creatures vanquished.

Vanquished Creatures (others)
  2 battlemagi
  An ancestor (D:2)
3 creatures vanquished.

Grand Total: 132 creatures vanquished

Notes
Turn   | Place    | Note
-------+----------+-------------------------------------------
     0 | D:1      | FishyPogo the Deep Elf Fire Elementalist began the quest
                  | for the Orb.
     0 | D:1      | Reached XP level 1. HP: 10/10 MP: 6/6
   187 | D:1      | Reached XP level 2. HP: 14/15 MP: 1/8
   662 | D:1      | Reached XP level 3. HP: 16/19 MP: 10/10
   729 | D:1      | Learned a level 2 spell: Throw Flame
  1284 | D:2      | Found a hazy altar of Hepliaklqana.
  1291 | D:2      | Became a worshipper of Hepliaklqana the Forgotten
  1539 | D:2      | Noticed Ijyb
  1540 | D:2      | Reached XP level 4. HP: 21/21 MP: 9/12
  1563 | D:2      | Killed Ijyb
  1563 | D:2      | Reached skill level 4 in Fire Magic
  1651 | D:2      | Reached skill level 1 in Short Blades
  1819 | D:2      | Reached * piety under Hepliaklqana
  1850 | D:2      | Reached XP level 5. HP: 25/25 MP: 10/13
  1862 | D:2      | Learned a level 5 spell: Fireball
  2431 | D:3      | Noticed Jessica
  2447 | D:3      | Killed Jessica
  2455 | D:3      | Reached skill level 1 in Armour
  3033 | D:3      | Reached ** piety under Hepliaklqana
  3046 | D:3      | Remembered your ancestor Smokey as a battlemage
  3175 | D:4      | Noticed an ogre
  3175 | D:4      | Reached XP level 6. HP: 28/28 MP: 14/14
  3181 | D:4      | Reached skill level 5 in Fire Magic
  3586 | D:5      | Entered Level 5 of the Dungeon
  3621 | D:5      | Reached XP level 7. HP: 26/32 MP: 6/15
  3679 | D:5      | Noticed Sigmund
  3710 | D:5      | Killed Sigmund
  3710 | D:5      | Reached skill level 5 in Conjurations
  3710 | D:5      | Reached skill level 6 in Fire Magic
  4023 | D:5      | Found a bloodstained altar of Trog.
  4286 | D:6      | Killed from afar by an orc priest

Skill      XL: |  1  2  3  4  5  6  7 |
---------------+----------------------+-----
Stealth        | 3 4 |  4.1
Spellcasting   | 4 |  4.0
Conjurations   | 2 3 4 5 |  5.9
Dodging        | 3 |  3.0
Fire Magic     | 4 5 6 |  6.7
Short Blades   | 1 |  1.0
Armour         | 1 2 |  2.1
Shields        | |  0.1

Action                   |  1- 3 |  4- 6 |  7- 9 || total
-------------------------+-------+-------+-------++-------
Melee: Club              |     6 |       |       ||     6
       Dagger            |    33 |    44 |    12 ||    89
Throw: Stone             |     1 |    17 |     2 ||    20
 Cast: Flame Tongue      |    50 |    47 |    15 ||   112
       Throw Flame       |    10 |    29 |     8 ||    47
Invok: Ancestor Identity |     1 |     1 |       ||     2
       Recall Ancestor   |     1 |       |       ||     1
       Ancestor Life: Ba |       |     1 |       ||     1
  Use: Scroll            |       |       |     7 ||     7
 Stab: Sleeping          |     7 |       |       ||     7
       Distracted        |       |     1 |       ||     1
  Eat: Chunk             |     2 |     7 |     1 ||    10
Armor: Robe              |     5 |       |       ||     5
       Leather armour    |     2 |    17 |     1 ||    20
Dodge: Dodged            |    26 |    47 |     6 ||    79
